 Dungeon Crawl Stone Soup version 0.30.0-15-g856e2d3f33 (webtiles) character file.

Game seed: 7715139206405850920

7402 Pimp the Tainter (level 11, 0/61 HPs)
             Began as an Octopode Venom Mage on May 18, 2023.
             Was a Believer of Vehumet.
             Slain by a yak (14 damage)
             ... on level 9 of the Dungeon.
             The game lasted 00:37:43 (10795 turns).

Pimp the Tainter (Octopode Venom Mage)             Turns: 10795, Time: 00:37:44

Health: 0/61       AC:  1    Str: 18    XL:     11   Next: 14%
Magic:  15/20      EV: 15    Int: 22    God:    Vehumet [**....]
Gold:   429        SH:  0    Dex: 12    Spells: 4/22 levels left

rFire   . . .        s - +8 dire flail "Ciynluv" {holy, rN++ Str+4}
rCold   . . .        (shield currently unavailable)
rNeg    + + +        (helmet restricted)
rPois   .            (no amulet)
rElec   .            f - +6 ring of strength
rCorr   .            l - ring of see invisible
SInv    +            E - ring of flight
Will    .....        h - ring of positive energy
Stlth   ++++         (no ring)
HPRegen 0.30/turn    (no ring)
MPRegen 0.17/turn    (no ring)
                     (no ring)

%: no passive effects
@: flying
A: almost no armour, amphibious, 8 rings, camouflage 1, gelatinous body 1,
(nimble swimmer 1), tentacles
a: Renounce Religion


You were on level 9 of the Dungeon.
You worshipped Vehumet.
Vehumet was pleased with you.
You visited 2 branches of the dungeon, and saw 10 of its levels.
You also visited: Sewer.

You collected 561 gold pieces.
You spent 132 gold pieces at shops.

Inventory:

Hand Weapons
 k - a +2 vampiric dagger
 m - the +8 short sword "Tudiffar" {vamp, Will+++ rCorr Str+3 Dex-3}
   (You found it on level 2 of the Dungeon)

   Str:       It affects your strength (+3).
   Dex:       It affects your dexterity (-3).
   rCorr:     It protects you from acid and corrosion.
   Will:      It greatly increases your willpower.
 s - the +8 dire flail "Ciynluv" (weapon) {holy, rN++ Str+4}
   (You found it on level 5 of the Dungeon)

   Str:       It affects your strength (+4).
   rN:        It greatly protects you from negative energy.
Missiles
 w - 3 throwing nets
Jewellery
 f - a +6 ring of strength (left tentacle)
 h - a ring of positive energy (on tentacle)
 l - a ring of see invisible (right tentacle)
 D - a ring of ice
 E - a ring of flight (on tentacle)
Wands
 y - a wand of charming (9)
 A - a wand of flame (18)
Scrolls
 c - 2 scrolls of enchant weapon
 i - 7 scrolls of teleportation
 o - 2 scrolls of silence
 x - 4 scrolls of magic mapping
 F - a scroll of amnesia {unknown}
Potions
 a - a potion of magic
 b - a potion of brilliance
 d - a potion of flight
 e - 3 potions of degeneration
 p - a potion of resistance
 q - 2 potions of attraction
 t - 3 potions of lignification
 u - 3 potions of curing
 v - 2 potions of mutation
 z - 3 potions of cancellation
 B - a potion of might


   Skills:
 + Level 5.5 Maces & Flails
 + Level 6.6 Dodging
 - Level 4.5 Stealth
 - Level 3.0 Unarmed Combat
 + Level 6.0 Spellcasting
 + Level 5.6 Conjurations
 + Level 6.4 Transmutations
 + Level 6.0 Fire Magic
 + Level 8.5 Poison Magic


You had 4 spell levels left.
You knew the following spells:

 Your Spells              Type           Power      Damage    Failure   Level
a - Sting                 Tmut/Pois      100%       1d8       1%          1
b - Foxfire               Conj/Fire      100%       2x1d9     1%          1
c - Olgreb's Toxic Radia  Pois           44%        N/A       2%          4
d - Blade Hands           Tmut           17%        N/A       19%         5
e - Ensorcelled Hibernat  Hex/Ice        12%        N/A       14%         2
f - Metabolic Englaciati  Hex/Ice        3%         N/A       94%         5

Your spell library contained the following spells:

 Spells                   Type           Power      Damage    Failure   Level
 Searing Ray              Conj           62%        2d6       1%          2
 Spider Form              Tmut/Pois      39%        N/A       1%          3
 Poisonous Vapours        Pois/Air       50%        N/A       2%          2
 Kiss of Death            Conj/Necr      76%        2d11      3%          1
 Passwall                 Tmut/Erth      16%        N/A       3%          2
 Mephitic Cloud           Conj/Pois/Air  27%        N/A       4%          3
 Volatile Blastmotes      Fire/Tloc      38%        2d13      8%          3
 Sandblast                Erth           12%        2d6       9%          1
 Summon Small Mammal      Summ           24%        N/A       9%          1
 Stone Arrow              Conj/Erth      38%        3d9       9%          3
 Call Canine Familiar     Summ           6%         N/A       26%         3
 Confusing Touch          Hex            6%         N/A       26%         3
 Portal Projectile        Hex/Tloc       12%        N/A       26%         3
 Summon Guardian Golem    Hex/Summ       6%         N/A       26%         3
 Tukima's Dance           Hex            6%         N/A       26%         3
 Fulminant Prism          Conj/Hex       9%         3d7       28%         4
 Iskenderun's Mystic Bla  Conj/Tloc      19%        2d6       28%         4
 Airstrike                Air            3%         2d(1-17)  65%         4
 Anguish                  Hex/Necr       3%         N/A       65%         4
 Dispel Undead            Necr           6%         3d8       65%         4
 Fireball                 Conj/Fire      16%        3d8       22%         5
 Starburst                Conj/Fire      16%        6d6       77%         6
 Lee's Rapid Deconstruct  Erth           3%         3d5*      94%         5
 Silence                  Hex/Air        3%         N/A       94%         5
 Plasma Beam              Fire/Air       9%         2x1d22    99%         6
 Maxwell's Capacitive Co  Air            3%         ∞         100%        8


Dungeon Overview and Level Annotations

Branches:
Dungeon (9/15)             Temple (1/1) D:6            Lair (0/5) D:8
    Orc (0/2) D:9           Sewer (visited)

Altars:
Ashenzari
Fedhas
Gozag
Hepliaklqana
Makhleb
Qazlal
Ru
Sif Muna
Uskayaw
Vehumet
Wu Jian
Xom
Yredelemnul
The Shining One

Shops:
D:5 !

Annotations:
D:8 exclusion: oklob plant


Innate Abilities, Weirdness & Mutations

You cannot wear most types of armour.
You are amphibious.
You can wear up to eight rings at the same time.
Your skin changes colour to match your surroundings (Stealth+).
Your rubbery body absorbs attacks. (AC +1, EV +1)
((You are camouflaged when in or above water. (Stealth+)))
You have tentacles for arms and can constrict up to eight enemies at once.


Message History

You puncture the orc!
You kill the orc!
Vehumet accepts your kill.
You start resting.
HP restored.
y - a wand of charming (9) (gained 3 charges)
Things that are here:
a +0 flail; 2 stones A yak comes into view.
A yak is nearby!
A yak comes into view.
The yak bellows!
You barely miss the yak.
The yak bellows!
Your squeeze misses the yak. The yak gores you!
Casting: Olgreb's Toxic Radiance (dangerous; 2% risk of failure)
Confirm with . or Enter, or press ? or * to list all spells.
You begin to radiate toxic energy.
The yak is poisoned. x4
The yak looks even sicker. x3; The yak gores you!
Casting: Olgreb's Toxic Radiance (dangerous; 2% risk of failure)
Confirm with . or Enter, or press ? or * to list all spells.
Your toxic radiance grows in intensity.
The yak looks even sicker. x3
The yak looks as sick as possible!
The yak looks even sicker.
The yak gores you.
Unknown command.
The yak attacks as you move away! The yak gores you!
* * * LOW HITPOINT WARNING * * *
The yak attacks as you move away! The yak misses you.
The yak looks as sick as possible!
The yak looks as sick as possible!
The yak looks even sicker.
The yak looks as sick as possible! x2
The yak looks as sick as possible! x3
The yak looks as sick as possible! x2
Your toxic aura wanes.
The yak attacks as you move away! The yak closely misses you.
You kill the yak!
Vehumet accepts your kill.
You feel your power returning. The yak attacks as you move away!
The yak gores you!
You die...

.)..........)....................
..)..........##.......)..........
.......##....##....##..[.......<.
.....[.##..........##............
..##....))...[...................
..##..........)........##........
........)...###........##[..#####
............................#####
##.............Y@...........##...
...........>..........##..##.##
......................##.....#
...........Y..............####
#.........................#
#........Y..........##....#
....................##....###
..##..........##...........##
#....##....##.........#..#


You could see 3 yaks.

Vanquished Creatures
  Amaemon (D:9)
  Pikel (D:7)
  Maggie (D:6)
  Joseph (D:7)
  An orange demon (D:9)
  12 yaks (D:9)
  Eustachio (D:6)
  A steam dragon (D:8)
  Menkaure (D:6)
  A water moccasin (D:5)
  4 orc warriors
  2 sky beasts (D:7)
  A black bear (D:6)
  2 centaurs
  A phantom (D:6)
  2 lemures (D:7)
  5 bullfrogs
  A gnoll sergeant (D:5)
  3 scorpions
  4 wights (D:9)
  9 killer bees
  A howler monkey (D:8)
  4 hounds
  2 gnoll boudas
  7 jellies
  2 orc priests (D:9)
  2 sleepcaps
  2 iguanas
  7 orc wizards
  13 gnolls
  12 adders
  2 river rats (D:6)
  3 shadow imps
  5 white imps
  2 ufetubi
  4 worms
  A dart slug (D:2)
  31 orcs
  15 ball pythons
  21 endoplasms
  9 giant cockroaches
  8 hobgoblins
  7 jackals (D:1)
  22 quokkas
  7 bats
  9 frilled lizards
  7 goblins
  3 kobolds
  7 rats
270 creatures vanquished.

Vanquished Creatures (others)
  133 foxfires
133 creatures vanquished.

Grand Total: 403 creatures vanquished

Notes
Turn   | Place    | Note
-------+----------+-------------------------------------------
     0 | D:1      | Pimp the Octopode Venom Mage began the quest for the Orb.
     0 | D:1      | Reached XP level 1. HP: 11/11 MP: 3/3
   109 | D:1      | Reached XP level 2. HP: 13/17 MP: 3/5
   767 | D:1      | Reached XP level 3. HP: 21/21 MP: 6/6
   769 | D:1      | Learned a level 1 spell: Foxfire
   961 | D:2      | HP: 1/21 [worm (10)]
   965 | D:2      | Reached skill level 4 in Poison Magic
  1157 | D:2      | Reached XP level 4. HP: 25/27 MP: 5/7
  1313 | D:2      | Found a blossoming altar of Fedhas.
  1384 | D:2      | Reached skill level 1 in Unarmed Combat
  1398 | D:2      | Identified the +8 short sword "Tudiffar" {vamp, Will+++
                  | rCorr Str+3 Dex-3}
  1989 | D:3      | Reached XP level 5. HP: 31/31 MP: 8/8
  2147 | D:3      | Reached skill level 1 in Fire Magic
  2717 | D:4      | Noticed an orc warrior
  2725 | D:4      | Killed an orc warrior
  2726 | D:4      | Reached XP level 6. HP: 30/36 MP: 8/10
  3333 | D:4      | Reached XP level 7. HP: 39/41 MP: 7/11
  3934 | D:5      | Entered Level 5 of the Dungeon
  3936 | D:5      | Identified the +8 dire flail "Ciynluv" {holy, rN++ Str+4}
  3999 | D:5      | Learned a level 4 spell: Olgreb's Toxic Radiance
  4196 | D:5      | Reached skill level 1 in Maces & Flails
  4196 | D:5      | Reached skill level 1 in Conjurations
  4196 | D:5      | Reached skill level 5 in Poison Magic
  4511 | D:5      | Found Ydeutzom's Distillery.
  4520 | D:5      | Bought a potion of curing for 36 gold pieces
  4520 | D:5      | Bought a potion of mutation for 96 gold pieces
  4555 | D:5      | Reached XP level 8. HP: 32/46 MP: 5/13
  4714 | D:5      | Found a basalt altar of Yredelemnul.
  5129 | D:6      | Noticed Eustachio
  5138 | D:6      | Killed Eustachio
  5297 | D:6      | Found a glowing drain.
  5301 | Sewer    | Entered a sewer
  5418 | Sewer    | Learned a level 5 spell: Blade Hands
  5638 | Sewer    | Reached skill level 6 in Poison Magic
  5841 | D:6      | Noticed Menkaure
  5849 | D:6      | Killed Menkaure
  5850 | D:6      | Reached XP level 9. HP: 51/51 MP: 15/15
  6196 | D:6      | Noticed Maggie
  6208 | D:6      | Killed Maggie
  6332 | D:6      | Found a staircase to the Ecumenical Temple.
  6390 | Temple   | Entered the Ecumenical Temple
  6398 | Temple   | Became a worshipper of Vehumet
  6682 | D:7      | Reached skill level 5 in Dodging
  6807 | D:7      | Found a broken altar of Ashenzari.
  6886 | D:7      | Noticed Joseph
  6892 | D:7      | Killed Joseph
  7197 | D:7      | Noticed Pikel
  7228 | D:7      | Killed Pikel
  7229 | D:7      | Reached skill level 5 in Spellcasting
  7229 | D:7      | Reached skill level 5 in Transmutations
  7229 | D:7      | Reached skill level 7 in Poison Magic
  7325 | D:7      | Reached XP level 10. HP: 56/56 MP: 14/17
  7538 | D:7      | Found a stormy altar of Qazlal.
  7623 | D:7      | Found a shimmering altar of Xom.
  7783 | D:8      | Reached skill level 5 in Fire Magic
  8002 | D:8      | Noticed an oklob plant
  8058 | D:8      | Reached * piety under Vehumet
  8058 | D:8      | Offered knowledge of Shock by Vehumet.
  8307 | D:8      | Found a staircase to the Lair.
  8787 | D:9      | Noticed an orange demon
  8798 | D:9      | Killed an orange demon
  8949 | D:9      | Reached skill level 5 in Maces & Flails
  8949 | D:9      | Reached skill level 5 in Conjurations
  8953 | D:9      | Offered knowledge of Searing Ray by Vehumet.
  8954 | D:9      | Reached skill level 8 in Poison Magic
  8983 | D:9      | Noticed Amaemon
  9104 | D:9      | HP: 1/56 [Amaemon/-1 demon whip of venom (4)]
  9109 | D:9      | Killed Amaemon
  9109 | D:9      | Reached ** piety under Vehumet
  9461 | D:9      | Reached XP level 11. HP: 29/61 MP: 7/19
  9647 | D:9      | Found a staircase to the Orcish Mines.
 10144 | D:8      | Identified a scroll of acquirement
 10144 | D:8      | Acquired the Handbook of Hapless Aeromancy
 10644 | D:9      | Learned a level 2 spell: Ensorcelled Hibernation
 10650 | D:9      | Learned a level 5 spell: Metabolic Englaciation
 10795 | D:9      | Slain by a yak

Illustrated notes

Levels and vault maps discovered:
D:1:      heliophobic_arrival_enchanted_forest, layout_basic
D:2:      layout_basic, basic_altar
D:3:      layout_basic
D:4:      layout_cave_pods, kennysheep_generic_room_10
D:5:      layout_rooms, old_standard_altar, serial_shops, nicolae_shop_trees
D:6:      layout_basic, minmay_temple_entry_tees, gup_sewer_entry_spiral,
          uniq_eustachio, uniq_menkaure, uniq_maggie
D:7:      layout_rooms, xom_teletrap_fun, amcnicky_altar_gilded,
          evilmike_ruin_ashenzari, uniq_pikel, uniq_joseph
D:8:      lemuel_slime, layout_basic, lair_entry_dummy
D:9:      layout_basic, erik_orc_4, uniq_amaemon
Temple:   eino_narrow_crystal_temple

Skill      XL: |  1  2  3  4  5  6  7  8  9 10 11 |
---------------+----------------------------------+-----
Stealth        | 3 4 |  4.5
Poison Magic   | 4 5 6 7 8 |  8.5
Unarmed Combat | 1 2 3 |  3.0
Transmutations | 2 3 4 5 6 |  6.4
Fire Magic     | 1 2 3 4 5 6 |  6.0
Dodging        | 3 4 5 6 |  6.6
Spellcasting   | 3 4 5 6 |  6.0
Maces & Flails | 1 2 4 5 |  5.5
Conjurations   | 1 2 4 5 |  5.6

Action                     |  1- 3 |  4- 6 |  7- 9 | 10-12 || total
---------------------------+-------+-------+-------+-------++-------
  Melee: Unarmed           |    58 |    16 |       |     4 ||    78
         Constrict         |    20 |    12 |    26 |     7 ||    65
         Tentacles         |    15 |    13 |    20 |     5 ||    53
         Punch             |     1 |     2 |     3 |     2 ||     8
         Short sword       |       |    68 |     4 |       ||    72
         Dire flail        |       |       |   122 |    53 ||   175
   Cast: Sting             |    19 |    39 |     9 |     3 ||    70
         Olgreb's Toxic Ra |       |       |    19 |    42 ||    61
         Foxfire           |       |       |    39 |    42 ||    81
         Blade Hands       |       |       |       |     2 ||     2
    Use: Scroll            |     2 |       |       |    16 ||    18
         Potion            |       |       |     2 |     6 ||     8
   Stab: Sleeping          |     4 |    13 |     9 |     1 ||    27
 Armour: Skin              |     3 |     6 |     6 |     1 ||    16
  Dodge: Dodged            |    44 |    42 |   100 |    62 ||   248
